 Dungeon Crawl Stone Soup version 0.19.0-2-gae57169 (webtiles) character file.

41359 Gargoyl the Envoy of Void (level 13, -7/99 HPs)
             Began as a Demonspawn Abyssal Knight on Nov 5, 2016.
             Was a High Priest of Lugonu.
             Mangled by a sixfirhy (9 damage)
             ... on level 6 of the Lair of Beasts.
             The game lasted 00:31:18 (14420 turns).

Gargoyl the Envoy of Void (DsAK)                   Turns: 14420, Time: 00:31:20

Health: -7/99      AC: 27    Str: 22    XL:     13   Next: 79%
Magic:  23/23      EV:  5    Int: 13    God:    Lugonu [*****.]
Gold:   860        SH: 17    Dex: 14    Spells: 0 memorised, 12 levels left

rFire  + . .     SeeInvis .     H - +3 hand axe (elec)
rCold  + . .     Gourm    .     y - +0 plate armour
rNeg   + + .     Faith    .     D - +0 large shield {AC+3}
rPois  .         Spirit   .     o - +1 hat "Qaonn" {rF+ rN+ rCorr}
rElec  .         Reflect  .     K - +0 cloak
rCorr  +         Harm     .     (gloves unavailable)
MR     .....                    f - +2 pair of boots
Stlth  ..........               e - amulet of regeneration
                                r - ring of positive energy
                                v - +3 ring of strength

@: no status effects
A: claws 3, yellow scales 2, cold resistance 1, mutation resistance 1, powered
by death 2, spiny 2, strong 1
a: Depart the Abyss, Bend Space, Banish, Corrupt, Enter the Abyss, Renounce
Religion


You were on level 6 of the Lair of Beasts.
You worshipped Lugonu.
Lugonu was extremely pleased with you.
You were very hungry.

You visited 2 branches of the dungeon, and saw 17 of its levels.
You visited the Abyss 1 time.
You also visited: Sewer.

You collected 1200 gold pieces.
You spent 340 gold pieces at shops.

Inventory:

Hand Weapons
 B - a +0 war axe
 H - a +3 hand axe of electrocution (weapon)
 W - a +4 hand axe of draining
Missiles
 O - 5 tomahawks (quivered)
Armour
 f - a +2 pair of boots (worn)
 o - the +1 hat "Qaonn" (worn) {rF+ rN+ rCorr}
   (You acquired it on level 5 of the Lair of Beasts)

   It protects you from fire.
   It protects you from negative energy.
   It protects you from acid and corrosion.
 y - a +0 plate armour (worn)
 D - a +0 large shield of protection (worn)
 K - a +0 cloak (worn)
Jewellery
 e - an amulet of regeneration (around neck)
 k - an uncursed ring of protection from cold
 r - a ring of positive energy (right claw)
 v - a +3 ring of strength (left claw)
 N - an uncursed ring of protection from magic
Wands
 a - a wand of confusion (39/48)
 b - a wand of polymorph (13/24)
 g - a wand of random effects (32/48)
 j - a wand of confusion (11/48)
 x - a wand of iceblast (8/15)
 E - a wand of paralysis (18/24)
Scrolls
 h - 9 scrolls of remove curse
 p - 5 scrolls of magic mapping
 t - 3 scrolls of teleportation
 C - 5 scrolls of identify
 U - 2 scrolls of fear
 V - a scroll of summoning
 Y - 2 scrolls of recharging
Potions
 d - 2 potions of brilliance
 m - a potion of magic
 q - 2 potions of might
 s - 6 potions of curing
 z - a potion of cancellation
 G - 7 potions of flight
 R - a potion of haste
Books
 l - a book of Minor Magic

   Spells                             Type                      Level
   a - Magic Dart                     Conjuration                  1
   b - Blink                          Translocation                2
   c - Call Imp                       Summoning                    2
   d - Repel Missiles                 Charms/Air                   2
   e - Slow                           Hexes                        2
   f - Conjure Flame                  Conjuration/Fire             3
   g - Mephitic Cloud                 Conjuration/Poison/Air       3
 A - a book of Air

   Spells                             Type                      Level
   a - Shock                          Conjuration/Air              1
   b - Swiftness                      Charms/Air                   2
   c - Repel Missiles                 Charms/Air                   2
   d - Static Discharge               Conjuration/Air              3
   e - Lightning Bolt                 Conjuration/Air              5
Comestibles
 c - 10 bread rations
 i - 11 beef jerkies
 n - 10 fruits
 u - 4 meat rations
 F - a royal jelly
 J - 2 slices of pizza


   Skills:
 + Level 8.6 Fighting
 + Level 11.4 Axes
 * Level 11.2 Armour
 + Level 3.1 Dodging
 + Level 9.2 Shields
 * Level 13.9 Invocations


You had 12 spell levels left.
You didn't know any spells.

Dungeon Overview and Level Annotations

Branches:
Dungeon (11/15)            Temple (0/1) D:6            Lair (6/6) D:11
  Swamp (0/4) Lair:4       Spider (0/4) Lair:3        Slime (0/5) Lair:6
    Orc: D:9-12

Altars:
Elyvilon
Fedhas
Kikubaaqudgha
Makhleb
Nemelex Xobeh
Qazlal
Ru
Yredelemnul
The Shining One

Shops:
D:4 [   D:5 [   D:7 =[   D:9 *


Innate Abilities, Weirdness & Mutations

You have claws for hands.
You are mostly covered in yellow scales. (AC +3)
Your flesh is cold resistant. (rC+)
You regenerate health from kills.
You are mostly covered in sharp spines.
You are somewhat resistant to further mutation.
Your muscles are strong. (Str +2)


Message History

Unknown command.
You hit the sun demon.
The sun demon is heavily wounded.
You hit the sixfirhy.
The sixfirhy hits you but does no damage.
The sun demon hits you!
* * * LOW HITPOINT WARNING * * *
You are engulfed in flames.
You resist.
* * * LOW HITPOINT WARNING * * *
You block the sixfirhy's attack. The orange demon stings you from afar!
* * * LOW HITPOINT WARNING * * *
You block the orange demon's attack.
You feel much better. You block the sixfirhy's attack. The sixfirhy hits you.
* * * LOW HITPOINT WARNING * * *
The sixfirhy shocks you!
* * * LOW HITPOINT WARNING * * *
The sixfirhy is struck by your spines. The sixfirhy hits you.
* * * LOW HITPOINT WARNING * * *
The sixfirhy shocks you!
You die...

#### §§§≈≈
#############§§≈§≈
#........#44..§≈≈§
#...8.8..#44....§.
.♣
#..8.8...344.._.4.
.♣
#...8.83@#.4..4...
♣
#..8.8...#.......3
#...8.8..#########
#..8)8...+
♣#........#
♣♣♣♣♣'#########
♣♣.♣♣.♣♣♣
♣♣.....†.♣
♣♣...♣♣♣....♣


You could see a sun demon, 4 orange demons, an ice devil, a sixfirhy and a red
devil.

Vanquished Creatures
  An ice dragon (Lair:5)
  Erolcha (D:9)
  A hill giant (D:10)
  7 elephants
  6 black mambas
  12 spiny frogs
  A rime drake (Lair:3)
  An ice devil (Lair:6)
  4 komodo dragons
  4 polar bears
  33 blink frogs
  9 hippogriffs
  6 dream sheep (Lair:4)
  A wraith (D:11)
  2 redbacks (Lair:3)
  2 wyverns
  48 yaks
  2 hungry ghosts
  2 basilisks
  Edmund (D:5)
  5 swamp worms (Lair:4)
  9 water moccasins
  7 porcupines
  Duvessa (D:7)
  Purgy (Sewer)
  2 orc warriors
  An ice beast (D:5)
  A phantom (D:9)
  2 sky beasts
  10 wolves
  2 ogres
  2 centaurs
  12 crocodiles
  2 big kobolds
  13 bullfrogs
  A wyvern skeleton (D:9)
  A water moccasin skeleton (D:4)
  Dowan (D:7)
  3 wights (D:11)
  9 killer bees (D:11)
  4 howler monkeys
  3 electric eels
  2 crimson imps
  2 bullfrog zombies
  2 centaur zombies
  A quasit (D:10)
  3 jellies
  8 orc priests
  A centaur skeleton (D:9)
  4 hounds
  An iguana (D:11)
  Terence (D:2)
  12 orc wizards
  5 worker ants
  2 hell rats (Lair:2)
  A hound skeleton (D:4)
  A howler monkey skeleton (D:4)
  5 gnolls
  12 adders
  4 river rats
  4 oozes
  4 worms
  2 dart slugs
  6 leopard geckos
  34 orcs
  3 giant cockroaches
  5 goblins
  13 hobgoblins
  12 jackals
  18 kobolds
  5 quokkas
  5 ball pythons
  20 bats
  6 frilled lizards
  A jackal skeleton (D:5)
  28 rats
  3 fungi
  2 plants (Lair:6)
474 creatures vanquished.

Vanquished Creatures (collateral kills)
  A giant cockroach (D:5)
1 creature vanquished.

Vanquished Creatures (others)
  9 hydras
  A wizard (Lair:6)
  A quokka (D:5)
  A fungus (Lair:6)
  A plant (Lair:4)
13 creatures vanquished.

Grand Total: 488 creatures vanquished

Notes
Turn   | Place    | Note
-------+----------+-------------------------------------------
     0 | Abyss:1  | Gargoyl the Demonspawn Abyssal Knight began the quest for the Orb.
     0 | Abyss:1  | Reached XP level 1. HP: 18/18 MP: 2/2
     0 | Abyss:1  | Found a corrupted altar of Lugonu.
   120 | Abyss:1  | Noticed a small abomination
   140 | Abyss:1  | Noticed an orange demon
   146 | D:1      | Escaped the Abyss
   223 | D:1      | Gained mutation: You are partially covered in yellow scales. (AC +2) [demonic ancestry]
   223 | D:1      | Reached XP level 2. HP: 17/24 MP: 3/3
   325 | D:1      | Reached skill level 1 in Dodging
   332 | D:1      | Reached * piety under Lugonu
   332 | D:1      | Reached skill level 3 in Invocations
   421 | D:1      | Gained mutation: You are partially covered in sharp spines. [demonic ancestry]
   421 | D:1      | Reached XP level 3. HP: 26/29 MP: 5/5
  1276 | D:2      | Gained mutation: You have sharp fingernails. [demonic ancestry]
  1276 | D:2      | Reached XP level 4. HP: 37/37 MP: 6/6
  1314 | D:2      | Noticed Terence
  1331 | D:2      | Killed Terence
  1567 | D:3      | Reached ** piety under Lugonu
  1608 | D:3      | Gained mutation: You regenerate a little health from kills. [demonic ancestry]
  1608 | D:3      | Reached XP level 5. HP: 31/42 MP: 7/7
  1746 | D:3      | Reached skill level 4 in Invocations
  1839 | D:3      | HP: 1/42 [orc priest/nerve-wracking pain (12)]
  1841 | D:3      | Gained mutation: You are mostly covered in yellow scales. (AC +3) [demonic ancestry]
  1841 | D:3      | Reached XP level 6. HP: 44/48 MP: 9/9
  1955 | D:3      | Found a sparkling altar of Nemelex Xobeh.
  2301 | D:4      | Found a glowing drain.
  2310 | Sewer    | Entered a sewer
  2329 | Sewer    | Reached *** piety under Lugonu
  2368 | Sewer    | Noticed Purgy
  2394 | Sewer    | Killed Purgy
  2641 | D:4      | Gained mutation: You have very sharp fingernails. [demonic ancestry]
  2641 | D:4      | Reached XP level 7. HP: 53/54 MP: 10/10
  2726 | D:4      | Found Nuafeda's Antique Armour Shop.
  3153 | D:5      | Entered Level 5 of the Dungeon
  3168 | D:5      | Reached skill level 5 in Invocations
  3280 | D:5      | Noticed Edmund
  3294 | D:5      | Killed Edmund
  3352 | D:5      | Reached skill level 5 in Axes
  3424 | D:5      | Reached XP level 8. HP: 54/61 MP: 12/12
  3444 | D:5      | Found Zoiras's Armour Boutique.
  3503 | D:5      | Found a white marble altar of Elyvilon.
  3964 | D:6      | Found an ancient bone altar of Kikubaaqudgha.
  4110 | D:6      | You fall through a shaft for 3 floors!
  4197 | D:9      | Reached skill level 5 in Fighting
  4198 | D:9      | Reached skill level 6 in Invocations
  4200 | D:9      | Reached **** piety under Lugonu
  4252 | D:9      | Reached skill level 5 in Armour
  4412 | D:7      | Found Eklidghao's Armour Shop.
  4595 | D:7      | Noticed Duvessa
  4596 | D:7      | Noticed Dowan
  4605 | D:7      | Killed Dowan
  4608 | D:7      | Killed Duvessa
  4608 | D:7      | Reached skill level 7 in Invocations
  4630 | D:6      | Found a staircase to the Ecumenical Temple.
  4835 | D:4      | Bought a runed large shield for 273 gold pieces
  5113 | D:7      | Reached XP level 9. HP: 68/68 MP: 14/14
  5228 | D:7      | Found Giseilyxi's Jewellery Shoppe.
  5321 | D:7      | Bought a +0 cloak for 67 gold pieces
  5704 | D:8      | Found a glowing golden altar of the Shining One.
  5704 | D:8      | Found a basalt altar of Yredelemnul.
  5705 | D:8      | Found a sacrificial altar of Ru.
  5706 | D:8      | Found a blossoming altar of Fedhas.
  5708 | D:8      | Found a sparkling altar of Nemelex Xobeh.
  5886 | D:8      | Found a stormy altar of Qazlal.
  6249 | D:8      | Reached skill level 1 in Shields
  6693 | D:9      | Found Vuaffuam's General Store.
  6791 | D:9      | Noticed Erolcha
  6807 | D:9      | Killed Erolcha
  6807 | D:9      | Reached skill level 8 in Invocations
  7142 | D:10     | Entered Level 10 of the Dungeon
  7214 | D:10     | Noticed a hill giant
  7224 | D:10     | Killed a hill giant
  7224 | D:10     | Gained mutation: You regenerate health from kills. [demonic ancestry]
  7224 | D:10     | Reached XP level 10. HP: 51/76 MP: 16/16
  7271 | D:10     | Reached ***** piety under Lugonu
  7642 | D:10     | Reached skill level 9 in Invocations
  8202 | D:11     | Noticed an eight-headed hydra
  8205 | D:11     | Banished an eight-headed hydra
  8455 | D:11     | Noticed a white ugly thing
  8479 | D:11     | Found a staircase to the Lair.
  8484 | D:11     | Gained mutation: You have claws for hands. [demonic ancestry]
  8484 | D:11     | Reached XP level 11. HP: 74/83 MP: 18/18
  8802 | Lair:1   | Entered Level 1 of the Lair of Beasts
  8808 | Lair:1   | Reached skill level 5 in Shields
  8851 | Lair:1   | Reached skill level 10 in Invocations
 10506 | Lair:2   | Reached skill level 11 in Invocations
 10936 | Lair:3   | Gained mutation: You are mostly covered in sharp spines. [demonic ancestry]
 10936 | Lair:3   | Reached XP level 12. HP: 89/91 MP: 20/20
 11052 | Lair:3   | Reached ****** piety under Lugonu
 11131 | Lair:3   | Noticed an eight-headed hydra
 11136 | Lair:3   | Banished an eight-headed hydra
 11161 | Lair:3   | Reached skill level 10 in Axes
 11190 | Lair:3   | Gained mutation: Your muscles are strong. (Str +2) [potion of mutation]
 11190 | Lair:3   | Gained mutation: You are somewhat resistant to further mutation. [potion of mutation]
 11312 | Lair:3   | Found a hole to the Spider Nest.
 11530 | Lair:3   | Reached skill level 10 in Armour
 11810 | Lair:4   | Reached skill level 12 in Invocations
 12504 | Lair:4   | Found a staircase to the Swamp.
 12727 | Lair:5   | Gained mutation: Your flesh is cold resistant. (rC+) [demonic ancestry]
 12727 | Lair:5   | Reached XP level 13. HP: 66/98 MP: 22/22
 13426 | Lair:5   | Got a wavering jade ring
 13433 | Lair:5   | Identified a scroll of acquirement
 13434 | Lair:5   | Got an encrusted hat
 13445 | Lair:5   | Identified the +1 hat "Qaonn" {rF+ rN+ rCorr} (You acquired it on level 5 of the Lair of Beasts)
 13446 | Lair:5   | Identified the ring of the Invisible Hand {-Tele rElec AC+5 Int+6} (You found it on level 5 of the Lair of Beasts)
 13614 | Lair:6   | Entered Level 6 of the Lair of Beasts
 13814 | Lair:6   | Reached skill level 13 in Invocations
 14083 | Lair:6   | Found a staircase to the Slime Pits.
 14401 | Lair:6   | Found a burning altar of Makhleb.
 14420 | Lair:6   | HP: 2/99 [sixfirhy (6)]
 14420 | Lair:6   | Mangled by a sixfirhy

Skill      XL: |  1  2  3  4  5  6  7  8  9 10 11 12 13 |
---------------+----------------------------------------+-----
Armour         | 2 3 4 5 7 8 9 10 11 | 11.2
Axes           | 2 3 4 5 6 7 8 9 10 11 | 11.4
Dodging        | 1 2 3 |  3.1
Invocations    | 3 4 5 7 8 9 11 12 13 | 13.9
Fighting       | 4 5 6 7 8 |  8.6
Shields        | 2 4 6 8 9 |  9.2

Action                   |  1- 3 |  4- 6 |  7- 9 | 10-12 | 13-15 || total
-------------------------+-------+-------+-------+-------+-------++-------
Melee: Hand axe          |    90 |   177 |   339 |   603 |   303 ||  1512
Invok: Depart the Abyss  |     1 |       |       |       |       ||     1
       Banish            |       |       |       |     4 |    10 ||    14
  Use: Scroll            |     2 |     3 |    15 |    12 |     3 ||    35
       Potion            |       |     4 |     4 |     9 |     1 ||    18
  Eat: Chunk             |     1 |     5 |    21 |    20 |     8 ||    55
Armor: Ring mail         |    54 |     8 |       |       |       ||    62
       Leather armour    |     1 |       |       |       |       ||     1
       Scale mail        |       |   157 |    44 |       |       ||   201
       Plate armour      |       |       |   191 |   352 |   134 ||   677
Dodge: Dodged            |    64 |    82 |    71 |    89 |    31 ||   337
Block: Large shield      |       |       |   109 |   569 |   290 ||   968
